 Dungeon Crawl Stone Soup version 0.21.1-1-g345015fe64 (webtiles) character file.

1010 Gargoyl the Covered (level 8, -2/67 HPs)
             Began as a Centaur Abyssal Knight on July 30, 2018.
             Was a Priest of Lugonu.
             Killed by divine providence
             ... invoked by an orc priest
              (12 damage)
             ... on level 5 of the Dungeon.
             The game lasted 00:10:07 (5533 turns).

Gargoyl the Covered (Centaur Abyssal Knight)        Turns: 5533, Time: 00:10:08

Health: -2/67      AC: 11    Str: 16      XL:     8   Next: 1%
Magic:  10/11      EV:  2    Int: 11      God:    Lugonu [***...]
Gold:   248        SH:  0    Dex:  9 (10) Spells: 7/7 levels left

rFire    . . .     SeeInvis .   j - +0 dire flail (drain)
rCold    . . .     Gourm    .   (shield currently unavailable)
rNeg     . . .     Faith    .   d - +1 plate armour
rPois    .         Spirit   .   (no helmet)
rElec    .         Reflect  .   (no cloak)
rCorr    .         Harm     .   (no gloves)
MR       +....                  (no barding)
Stlth    ..........             (no amulet)
HPRegen  0.21/turn              p - +2 ring of protection
MPRegen  0.12/turn              f - ring of protection from magic

@: extremely drained, very quick
A: large, hooves 3, deformed body, speed 2, tough skin 3
a: Depart the Abyss, Bend Space, Banish, Renounce Religion


You were on level 5 of the Dungeon.
You worshipped Lugonu.
Lugonu was most pleased with you.
You were not hungry.

You visited 1 branch of the dungeon, and saw 5 of its levels.
You visited the Abyss 1 time.

You collected 248 gold pieces.

Inventory:

Hand Weapons
 a - a +1 hand axe
 j - a +0 dire flail of draining (weapon)
 k - a +0 war axe
Missiles
 l - 4 tomahawks (quivered)
Armour
 d - a +1 plate armour (worn)
Jewellery
 f - a ring of protection from magic (right hand)
 p - a +2 ring of protection (left hand)
 r - an uncursed amulet of magic regeneration {unknown}
Wands
 i - a wand of polymorph (6)
 q - a wand of random effects (32)
Scrolls
 e - a scroll of teleportation
 g - a scroll of blinking {unknown}
 h - 5 scrolls of identify
 n - a scroll of enchant armour
Potions
 o - 3 potions of degeneration
Books
 m - a book of Cantrips

   Spells                             Type                      Level
   a - Confusing Touch                Hexes                        1
   b - Animate Skeleton               Necromancy                   1
   c - Summon Small Mammal            Summoning                    1
   d - Apportation                    Translocation                1
 s - a book of Callings

   Spells                             Type                      Level
   a - Summon Small Mammal            Summoning                    1
   b - Call Imp                       Summoning                    2
   c - Call Canine Familiar           Summoning                    3
   d - Summon Guardian Golem          Hexes/Summoning              3
   e - Summon Lightning Spire         Summoning/Air                4
   f - Summon Ice Beast               Ice/Summoning                4
Comestibles
 c - 4 rations


   Skills:
 + Level 4.5(0.0) Fighting
 + Level 4.5(0.0) Axes
 + Level 0.2(0.0) Maces & Flails
 * Level 4.7(0.0) Armour
 + Level 0.9(0.0) Dodging
 * Level 4.4(0.0) Invocations


You had 7 spell levels left.
You didn't know any spells.

Dungeon Overview and Level Annotations

Branches:
Dungeon (5/15)             Temple (0/1) D:4

Altars:
Elyvilon
Trog

Annotations:
D:5 Dowan, Duvessa, Prince Ribbit


Innate Abilities, Weirdness & Mutations

You have hooves in place of feet.
Armour fits poorly on your strangely shaped body.
You cover ground very quickly.
You have extremely tough skin. (AC +3)


Message History

The puff of flame hits you!
* * * LOW HITPOINT WARNING * * *
An orc comes into view. It is wielding a hand axe.
The orc shouts!
Unknown command.
You feel better.
Duvessa says, "Where magic fails, the sword succeeds!"
An orc priest comes into view. It is wielding a club.
An orc wizard and a crimson imp come into view.
The orc priest shouts!
The orc wizard shouts!
The crimson imp shouts!
The orc wizard mumbles some strange words.
The orc wizard seems to speed up.
You hear an angry hiss.
Found a dagger.
Found an escape hatch in the ceiling.
An orc wizard comes into view.
It is wielding a dagger of electrocution.
There is an open door here.
Prince Ribbit blinks!
The orc priest calls down the wrath of Beogh upon you.
Beogh smites you!
You die...

..o)o.. #..5o...#
#.......#
#..o....#
#e......#
#.eJ....#
###.####o......#
#.....@'.ooo..?#
#.#<####....ยง>.#
#...o...#
#######.#
#.#######
#.F.....#
#######.# #.# #.#


You could see Dowan, 2 orc priests, an ooze and 3 orcs.

Vanquished Creatures
  Sigmund (D:2)
  Edmund (D:4)
  A sky beast (D:4)
  A centaur (D:4)
  3 scorpions
  3 orc priests
  4 orc wizards
  4 gnolls (D:3)
  6 adders
  3 oozes (D:1)
  An adder skeleton (D:4)
  2 worms (D:2)
  3 dart slugs
  6 leopard geckos
  14 orcs
  2 ball pythons
  9 bats
  A giant cockroach (D:5)
  9 goblins
  10 hobgoblins
  10 jackals
  5 quokkas
  6 frilled lizards
  8 kobolds
  5 rats
118 creatures vanquished.

Vanquished Creatures (others)
  5 toadstools (D:1)
5 creatures vanquished.

Grand Total: 123 creatures vanquished

Notes
Turn   | Place    | Note
-------+----------+-------------------------------------------
     0 | Abyss:1  | Gargoyl the Centaur Abyssal Knight began the quest for the Orb.
     0 | Abyss:1  | Reached XP level 1. HP: 19/19 MP: 2/2
    16 | Abyss:2  | Found a corrupted altar of Lugonu.
    84 | Abyss:2  | Noticed a large abomination
   100 | Abyss:2  | Noticed a wretched star
   126 | Abyss:2  | Noticed a large abomination
   136 | D:1      | Escaped the Abyss
   324 | D:1      | Reached * piety under Lugonu
   391 | D:1      | Reached XP level 2. HP: 26/26 MP: 3/3
   667 | D:1      | Reached XP level 3. HP: 27/31 MP: 4/4
  1302 | D:1      | Reached ** piety under Lugonu
  1348 | D:1      | Reached XP level 4. HP: 14/40 MP: 6/6
  1551 | D:2      | Noticed Sigmund
  1743 | D:2      | Killed Sigmund
  1743 | D:2      | Reached XP level 5. HP: 37/46 MP: 7/7
  2442 | D:3      | Reached XP level 6. HP: 52/52 MP: 8/8
  2563 | D:3      | Reached *** piety under Lugonu
  2692 | D:3      | Found a bloodstained altar of Trog.
  3572 | D:4      | Reached XP level 7. HP: 44/59 MP: 9/9
  3599 | D:4      | Found a staircase to the Ecumenical Temple.
  4580 | D:4      | Found a white marble altar of Elyvilon.
  4686 | D:5      | Entered Level 5 of the Dungeon
  4710 | D:5      | Noticed Edmund
  4780 | D:4      | Killed Edmund
  5355 | D:5      | Reached XP level 8. HP: 48/67 MP: 11/11
  5465 | D:5      | Noticed Prince Ribbit
  5530 | D:5      | Noticed Dowan
  5530 | D:5      | Noticed Duvessa
  5530 | D:5      | HP: 1/67 [Dowan/puff of flame (11)]
  5533 | D:5      | Killed from afar by an orc priest

Skill      XL: |  1  2  3  4  5  6  7 |
---------------+----------------------+-----
Armour         | 2 3 4 |  4.7
Axes           | 2 3 4 |  4.5
Invocations    | 3 4 |  4.4
Fighting       | 4 |  4.5
Maces & Flails | |  0.2
Dodging        | |  0.9

Action                   |  1- 3 |  4- 6 |  7- 9 || total
-------------------------+-------+-------+-------++-------
Melee: Hand axe          |   111 |   201 |   103 ||   415
       Kick              |    21 |    40 |    30 ||    91
       Unarmed           |       |     3 |       ||     3
       Dire flail        |       |       |   100 ||   100
Throw: Tomahawk          |       |       |     1 ||     1
Invok: Depart the Abyss  |     1 |       |       ||     1
       Bend Space        |     1 |       |     1 ||     2
  Use: Scroll            |     4 |     4 |     2 ||    10
       Potion            |     1 |       |     6 ||     7
 Stab: Confused          |       |     1 |       ||     1
  Eat: Chunk             |       |     6 |     4 ||    10
       Ration            |       |       |     1 ||     1
Armor: Plate armour      |   134 |   222 |   153 ||   509
Dodge: Dodged            |    13 |    26 |    16 ||    55
